 Dungeon Crawl Stone Soup version 0.24.1-5-g77f818bfca (webtiles) character file.

Game seed: 11031083452888855125, levelgen mode: deterministic

12961 Peloso the Carver (level 11, -6/99 HPs)
             Began as a Minotaur Fighter on Apr 23, 2020.
             Was a High Priest of Okawaru.
             Mangled by a yak (11 damage)
             ... on level 12 of the Dungeon.
             The game lasted 00:22:20 (9386 turns).

Peloso the Carver (Minotaur Fighter)                Turns: 9386, Time: 00:22:21

Health: -6/99      AC: 16    Str: 24    XL:     11   Next: 69%
Magic:  11/11      EV: 12    Int:  5    God:    Okawaru [*****.]
Gold:   740        SH: 13    Dex: 13    Spells: 10/10 levels left

rFire    . . .     SeeInvis +   a - +1 long sword
rCold    . . .     Gourm    .   c - +0 shield
rNeg     . . .     Faith    .   G - +3 scale mail of Follow the Leader {rF- MR+ Dex+3}
rPois    .         Spirit   .   r - +0 hat {SInv}
rElec    .         Reflect  .   y - +0 cloak
rCorr    .         Harm     .   A - +0 pair of gloves
MR       ++...                  E - +0 pair of boots
Stlth    ..........             (no amulet)
HPRegen  0.26/turn              p - ring of protection from magic
MPRegen  0.12/turn              K - ring of protection from fire

@: about to teleport, marked, starving
A: retaliatory headbutt, horns 2, rugged brown scales 1, clumsy 1, strong 1
a: Heroism, Finesse, Renounce Religion


You were on level 12 of the Dungeon.
You worshipped Okawaru.
Okawaru was extremely pleased with you.
You were starving.

You visited 1 branch of the dungeon, and saw 12 of its levels.

You collected 740 gold pieces.

Inventory:

Hand Weapons
 a - a +1 long sword (weapon)
Armour
 c - a +0 shield (worn)
 h - a +0 scale mail
 r - a +0 hat of see invisible (worn)
 v - a +0 chain mail
 y - a +0 cloak (worn)
 A - a +0 pair of gloves (worn)
 E - a +0 pair of boots (worn)
 G - the +3 scale mail of Follow the Leader (worn) {rF- MR+ Dex+3}
   (You found it on level 10 of the Dungeon)

   It affects your dexterity (+3).
   It makes you vulnerable to fire.
   It affects your resistance to hostile enchantments.
Jewellery
 p - a ring of protection from magic (left hand)
 H - a +4 ring of evasion
 K - a ring of protection from fire (right hand)
 L - an uncursed ring of resist corrosion
 N - a cursed ring of attention {unknown}
Wands
 n - a wand of flame (43)
 o - a wand of polymorph (17)
 x - a wand of random effects (19)
 J - a wand of enslavement (10)
 M - a wand of iceblast (8)
Scrolls
 e - a scroll of enchant armour
 g - 8 scrolls of teleportation
 i - 4 scrolls of identify
 j - 2 scrolls of enchant weapon
 k - 2 scrolls of fog
 l - 2 scrolls of magic mapping
 q - 2 scrolls of blinking
 z - 3 scrolls of remove curse
 D - 2 scrolls of fear
 F - a scroll of torment {unknown}
Potions
 b - 3 potions of invisibility
 d - a potion of might
 m - 2 potions of agility
 s - 3 potions of curing
 t - a potion of brilliance
 u - 3 potions of ambrosia
 w - a potion of haste
 B - a potion of mutation
 C - a potion of magic
 I - a potion of heal wounds {unknown}
Comestibles
 f - 22 rations


   Skills:
 + Level 9.5 Fighting
 + Level 13.1 Long Blades
 + Level 9.4 Armour
 + Level 5.4 Dodging
 + Level 1.2 Stealth
 + Level 11.8 Shields
 + Level 1.4 Invocations
 + Level 1.4 Evocations


You had 10 spell levels left.
You didn't know any spells.
Your spell library contained the following spells:

 Spells                   Type           Power        Failure   Level  Hunger
 Corona                   Hex            #......      86%         1    ##.....
 Freeze                   Ice            #...         86%         1    ##.....
 Ensorcelled Hibernation  Hex/Ice        #.....       95%         2    ###....
 Throw Frost              Conj/Ice       #.....       95%         2    ###....
 Confuse                  Hex            #.......     99%         3    ####...
 Dazzling Spray           Conj/Hex       #.....       99%         3    ####...
 Ozocubu's Armour         Chrm/Ice       #.......     99%         3    ####...
 Tukima's Dance           Hex            #.......     99%         3    ####...
 Summon Ice Beast         Ice/Summ       #.......     100%        4    #####..
 Throw Icicle             Conj/Ice       #.......     100%        4    #####..
 Bolt of Magma            Conj/Fire/Erth #.........   100%        5    ######.
 Iskenderun's Battlesphe  Conj/Chrm      #.......     100%        5    ######.
 Venom Bolt               Conj/Pois      #.........   100%        5    ######.
 Iron Shot                Conj/Erth      #.........   100%        6    #######
 Orb of Destruction       Conj           #.........   100%        7    #######
 Spellforged Servitor     Conj/Summ      #.........   100%        7    #######


Dungeon Overview and Level Annotations

Branches:
Dungeon (12/15)            Temple (0/1) D:7            Lair (0/6) D:10
    Orc (0/2) D:11

Altars:
Cheibriados
Dithmenos
Gozag
Makhleb
Nemelex Xobeh
Okawaru
Qazlal
Sif Muna
Uskayaw
Vehumet
Xom
Yredelemnul
Zin

Shops:
D:7 %   D:11 (

Annotations:
D:12 Josephine, Urug


Innate Abilities, Weirdness & Mutations

You reflexively headbutt those who attack you in melee.
You have a pair of horns on your head.
You are partially covered in rugged brown scales. (AC +1, +3% HP)
You are clumsy. (Dex -2)
Your muscles are strong. (Str +2)


Message History

You feel strangely unstable. You block the centaur's attack.
The red ugly thing barely misses you. The yak gores you!
* * * LOW HITPOINT WARNING * * *
You block the yak's attack. The centaur misses you. You furiously retaliate!
You headbutt the centaur. The yak barely misses you. You furiously retaliate!
You headbutt the yak, but do no damage.
You riposte.
You hit the yak.
The yak is moderately wounded.
You're too hungry.
You barely miss the yak. You headbutt the yak.
The yak is lightly wounded.
The red ugly thing tail-slaps you.
* * * LOW HITPOINT WARNING * * *
You are engulfed in flames!!
* * * LOW HITPOINT WARNING * * *
The yak gores you but does no damage. You block the centaur's attack.
You block the yak's attack.
The orc wizard casts a spell.
The orc wizard flickers and vanishes for a moment.
The yak gores you!
You die...

.......# #.?:..#
#.....##
#......# .
#.(....#######..
#..(WoW.........
#...W@oY........
#...YcYYY.......
#..oou@YY.......
#..oo########...
#...Y# #....#
....o.# .......#
.......


You could see Josephine, Urug, a red ugly thing, 7 yaks, 3 wraiths, an orc
warrior, a centaur, an orc priest, 2 orc wizards and an orc.

Vanquished Creatures
  Erolcha (D:9)
  5 two-headed ogres
  An ugly thing (D:11)
  Maurice (D:11)
  2 hornets
  2 hippogriffs
  Sigmund (D:6)
  16 yaks
  A hungry ghost (D:11)
  A water moccasin (D:9)
  An ice beast (D:9)
  2 porcupines (D:10)
  2 orc warriors
  2 phantoms
  2 black bears
  3 sky beasts
  3 ogres
  A necrophage (D:5)
  An eye of draining (D:10)
  2 centaurs
  3 crocodiles (D:10)
  A big kobold (D:11)
  Blork the orc (D:6)
  5 bullfrogs
  3 scorpions
  3 killer bees (D:7)
  4 wights (D:6)
  7 crimson imps
  A centaur zombie (D:9)
  3 bullfrog zombies
  6 hounds
  5 orc wizards
  5 centaur skeletons
  2 orc priests
  A bullfrog skeleton (D:6)
  9 iguanas
  7 worker ants
  A hound zombie (D:5)
  Robin (D:4)
  6 gnolls
  10 adders
  A howler monkey skeleton (D:4)
  A shadow imp (D:8)
  2 oozes
  3 worms
  2 dart slugs (D:2)
  7 leopard geckos
  44 orcs
  7 bats
  5 giant cockroaches
  19 goblins
  4 hobgoblins
  11 jackals
  9 kobolds
  5 quokkas
  2 ball pythons
  4 frilled lizards
  2 leopard gecko skeletons
  A leopard gecko zombie (D:5)
  4 rats
267 creatures vanquished.

Vanquished Creatures (others)
  3 bushes (D:10)
  3 fungi (D:10)
  12 plants (D:10)
18 creatures vanquished.

Grand Total: 285 creatures vanquished

Notes
Turn   | Place    | Note
-------+----------+-------------------------------------------
     0 | D:1      | Peloso the Minotaur Fighter began the quest for the Orb.
     0 | D:1      | Reached XP level 1. HP: 19/19 MP: 0/0
   138 | D:1      | Reached XP level 2. HP: 27/27 MP: 1/1
   661 | D:2      | Reached XP level 3. HP: 31/33 MP: 2/2
   892 | D:2      | Found a snail-covered altar of Cheibriados.
   933 | D:2      | Found an iron altar of Okawaru.
   940 | D:2      | Reached skill level 3 in Long Blades
   949 | D:2      | Became a worshipper of Warmaster Okawaru
  1357 | D:2      | Reached XP level 4. HP: 33/40 MP: 3/3
  1359 | D:2      | Gained mutation: Your muscles are strong. (Str +2) [potion
                  | of mutation]
  1359 | D:2      | Gained mutation: You are clumsy. (Dex -2) [potion of
                  | mutation]
  1359 | D:2      | Gained mutation: You are partially covered in rugged brown
                  | scales. (AC +1, +3% HP) [potion of mutation]
  1392 | D:3      | Reached skill level 1 in Dodging
  1494 | D:3      | Reached skill level 4 in Long Blades
  1498 | D:3      | Reached XP level 5. HP: 45/47 MP: 4/4
  2083 | D:4      | Reached skill level 5 in Shields
  2372 | D:4      | Reached * piety under Okawaru
  2372 | D:4      | Reached skill level 5 in Armour
  2372 | D:4      | Reached XP level 6. HP: 27/53 MP: 5/5
  2596 | D:4      | Reached skill level 5 in Long Blades
  2857 | D:4      | Noticed Robin
  2884 | D:4      | Killed Robin
  2884 | D:4      | Reached XP level 7. HP: 7/61 MP: 6/6
  3361 | D:5      | Entered Level 5 of the Dungeon
  3751 | D:5      | Found a shimmering blue altar of Sif Muna.
  3781 | D:5      | Found a sparkling altar of Nemelex Xobeh.
  3781 | D:5      | Found a faded altar of an unknown god.
  3786 | D:5      | Found a shimmering altar of Xom.
  3788 | D:5      | Found a shadowy altar of Dithmenos.
  3790 | D:5      | Found a hide-covered altar of Uskayaw.
  3932 | D:5      | Reached skill level 6 in Long Blades
  3938 | D:5      | Reached ** piety under Okawaru
  3951 | D:5      | Reached skill level 1 in Evocations
  3974 | D:5      | Reached XP level 8. HP: 56/69 MP: 8/8
  4446 | D:6      | Found a basalt altar of Yredelemnul.
  4449 | D:6      | Found a glowing silver altar of Zin.
  4449 | D:6      | Noticed Sigmund
  4469 | D:6      | Killed Sigmund
  4469 | D:6      | Reached skill level 5 in Fighting
  4469 | D:6      | Reached skill level 7 in Long Blades
  4511 | D:6      | Noticed Blork the orc
  4528 | D:6      | Killed Blork the orc
  4681 | D:6      | Reached *** piety under Okawaru
  4681 | D:6      | Reached skill level 8 in Long Blades
  4720 | D:6      | Found an opulent altar of Gozag.
  4777 | D:6      | Reached XP level 9. HP: 35/76 MP: 9/9
  4978 | D:6      | Found a burning altar of Makhleb.
  4979 | D:6      | Found a radiant altar of Vehumet.
  5654 | D:7      | Reached skill level 9 in Long Blades
  5659 | D:7      | Found a staircase to the Ecumenical Temple.
  5675 | D:7      | Found Jafean's Food Shoppe.
  6033 | D:8      | Paralysed by a hornet for 3 turns
  6038 | D:8      | Paralysed by a hornet for 2 turns
  6043 | D:8      | Paralysed by a hornet for 2 turns
  6044 | D:8      | HP: 2/77 [poisoned by a hornet]
  6234 | D:8      | Found a stormy altar of Qazlal.
  6506 | D:8      | Reached **** piety under Okawaru
  6540 | D:8      | Noticed a two-headed ogre
  6546 | D:8      | Killed a two-headed ogre
  6797 | D:9      | Reached XP level 10. HP: 88/88 MP: 10/10
  6832 | D:9      | Found a radiant altar of Vehumet.
  6888 | D:9      | Reached ***** piety under Okawaru
  6996 | D:9      | Reached skill level 10 in Long Blades
  7040 | D:9      | Reached skill level 10 in Shields
  7087 | D:9      | Noticed Erolcha
  7112 | D:9      | Killed Erolcha
  7112 | D:9      | Reached skill level 11 in Long Blades
  7489 | D:10     | Entered Level 10 of the Dungeon
  7591 | D:10     | Noticed a two-headed ogre
  7607 | D:10     | Killed a two-headed ogre
  7607 | D:10     | Reached skill level 1 in Stealth
  7607 | D:10     | Reached skill level 1 in Invocations
  7834 | D:10     | Found a staircase to the Lair.
  7856 | D:10     | Reached XP level 11. HP: 83/97 MP: 8/11
  7877 | D:10     | Received a gift from Okawaru
  7893 | D:10     | Reached skill level 12 in Long Blades
  8102 | D:10     | Got a scorched scale mail
  8113 | D:10     | Identified the +3 scale mail of Follow the Leader {rF- MR+
                  | Dex+3} (You found it on level 10 of the Dungeon)
  8437 | D:11     | Noticed a two-headed ogre
  8454 | D:11     | Killed a two-headed ogre
  8565 | D:11     | Reached skill level 5 in Dodging
  8595 | D:11     | Noticed a two-headed ogre
  8605 | D:11     | Killed a two-headed ogre
  8692 | D:11     | Noticed Maurice
  8695 | D:11     | Found a staircase to the Orcish Mines.
  8702 | D:11     | Killed Maurice
  8890 | D:11     | Noticed a purple ugly thing
  8902 | D:11     | Killed a purple ugly thing
  9019 | D:11     | Noticed a two-headed ogre
  9026 | D:11     | Killed a two-headed ogre
  9026 | D:11     | Reached skill level 13 in Long Blades
  9088 | D:11     | Found Ickub's Weapon Boutique.
  9370 | D:12     | Noticed a red ugly thing
  9377 | D:12     | Noticed Josephine
  9382 | D:12     | Noticed Urug
  9386 | D:12     | Mangled by a yak

Levels and vault maps discovered:
D:1:      mainiacjoe_arrival_reflecting_pool, layout_rooms,
          chequers_serial_rivers_small_a
D:2:      layout_rooms, lemuel_round_altar, first_ration, dk_vineyard_2,
          okawaru_trees_1
D:3:      layout_basic
D:4:      layout_gridville, uniq_robin
D:5:      kennysheep_six_static_rooms, layout_gridville, tgw_sif,
          chequers_temple_overflow_minitemple, minmay_misc_feat_encased
D:6:      layout_basic, grunt_temple_overflow_lords_of_destruction,
          overflow_temple_1_default, chequers_temple_overflow_statue_of_worship,
          uniq_blork_the_orc, uniq_sigmund
D:7:      layout_basic, minmay_temple_entry_trees, serial_shops,
          nicolae_shop_crystal
D:8:      layout_loops_ring, grunt_qazlal_sundering
D:9:      layout_loops_ring, basic_altar, uniq_erolcha
D:10:     layout_loops_cross, minmay_lair_entry_grove
D:11:     layout_basic, orc_0_dummy, serial_shops, shop, grunt_ogre_cave,
          uniq_maurice
D:12:     kennysheep_room_grid, layout_irregular_city, uniq_urug, uniq_josephine

Skill      XL: |  1  2  3  4  5  6  7  8  9 10 11 |
---------------+----------------------------------+-----
Shields        | 4 5 7 8 9 10 11 | 11.8
Armour         | 4 5 6 7 8 9 |  9.4
Long Blades    | 3 4 5 6 8 9 11 13 | 13.1
Fighting       | 4 5 7 8 9 |  9.5
Dodging        | 1 2 3 4 5 |  5.4
Evocations     | 1 |  1.4
Stealth        | 1 |  1.2
Invocations    | 1 |  1.4

Action                   |  1- 3 |  4- 6 |  7- 9 | 10-12 || total
-------------------------+-------+-------+-------+-------++-------
Melee: Long sword        |    91 |   150 |   375 |   373 ||   989
       Headbutt          |     7 |    27 |    71 |   114 ||   219
Invok: Heroism           |       |       |     2 |     5 ||     7
Evoke: Wand              |       |       |     7 |       ||     7
  Use: Potion            |     1 |     6 |     1 |       ||     8
       Scroll            |       |       |     4 |    12 ||    16
  Eat: Chunk             |     1 |     5 |    10 |     7 ||    23
       Ration            |       |       |     1 |       ||     1
Armor: Scale mail        |    53 |    36 |       |    38 ||   127
       Chain mail        |       |    73 |   201 |    47 ||   321
Dodge: Dodged            |    40 |    64 |    99 |    93 ||   296
Block: Shield            |    62 |   106 |   225 |   200 ||   593
       Rpst.: Long sword |    11 |    18 |    27 |    25 ||    81
